 Dungeon Crawl Stone Soup version 0.29-a0-483-g69413ace17 (webtiles) character file.

Game seed: 270792135714941567

363 jfcaron the Poker (level 6, -26/56 HPs)
             Began as a Minotaur Chaos Knight on May 26, 2022.
             Was a Plaything of Xom.
             Killed by an exploding goblin (39 damage)
             ... ignited by their inner flame
             ... on level 4 of the Dungeon.
             The game lasted 00:06:43 (3040 turns).

jfcaron the Poker (Minotaur Chaos Knight)           Turns: 3040, Time: 00:06:43

Health: -26/56     AC: 14    Str: 24    XL:     6   Next: 39%
Magic:  5/5        EV:  4    Int:  9    God:    Xom [*.....]
Gold:   211        SH: 10    Dex: 10    Spells: 5/5 levels left

rFire   . . .      SeeInvis .   a - +0 spear (chaos)
rCold   . . .      Faith    .   y - +0 tower shield
rNeg    . . .      Spirit   .   g - +0 chain mail
rPois   .          Reflect  .   (helmet restricted)
rElec   .          Harm     .   (no cloak)
rCorr   .          Rampage  +   (no gloves)
Will    .....      Clarity  +   j - +2 pair of boots {rampage}
Stlth   ..........              s - amulet of regeneration
HPRegen 0.98/turn               v - +6 ring of strength
MPRegen 0.09/turn               l - ring of flight

@: flying
A: horns 2, retaliatory headbutt, iridescent scales 1, clarity, MP-powered wands
a: Renounce Religion


You were on level 4 of the Dungeon.
You worshipped Xom.
You were a special plaything of Xom.
You visited 1 branch of the dungeon, and saw 4 of its levels.

You collected 211 gold pieces.

Inventory:

Hand Weapons
 a - a +0 spear of chaos (weapon)
 p - a +0 flail of venom
 t - a +0 trident
Missiles
 i - 72 stones
 r - 4 poisoned darts
Armour
 b - a +2 leather armour
 g - a +0 chain mail (worn)
 j - a +2 pair of boots of rampaging (worn)
 y - a +0 tower shield (worn)
Magical Staves
 h - a staff of cold
 n - a staff of death
 B - a staff of fire
Jewellery
 f - a ring of ice
 l - a ring of flight (right hand)
 s - an amulet of regeneration (around neck)
 v - a +6 ring of strength (left hand)
Wands
 D - a wand of mindburst (5)
Scrolls
 e - 2 scrolls of vulnerability
 q - 2 scrolls of fear
 C - a scroll of noise {unknown}
 E - a scroll of teleportation {unknown}
Potions
 k - a potion of magic
 m - a potion of curing
 o - 2 potions of heal wounds
 x - a potion of lignification
 z - a potion of flight
Miscellaneous
 c - a piece from Xom's chessboard (12/15)


   Skills:
 + Level 5.0 Fighting
 * Level 6.2 Polearms
 + Level 4.1 Armour
 - Level 2.0 Dodging
 * Level 0.8 Shields
 + Level 1.7 Evocations


You had 5 spell levels left.
You didn't know any spells.
Your spell library contained the following spells:

 Spells                   Type           Power      Damage    Failure   Level
 Slow                     Hex            0%         N/A       100%        1
 Ensorcelled Hibernation  Hex/Ice        0%         N/A       100%        2
 Call Canine Familiar     Summ           0%         N/A       100%        3
 Confusing Touch          Hex            0%         N/A       100%        3
 Portal Projectile        Hex/Tloc       0%         N/A       100%        3
 Spider Form              Tmut/Pois      0%         N/A       100%        3
 Vampiric Draining        Necr           0%         2d6       100%        3
 Anguish                  Hex/Necr       0%         N/A       100%        4
 Animate Dead             Necr           0%         N/A       100%        4
 Leda's Liquefaction      Hex/Erth       0%         N/A       100%        4
 Borgnjor's Vile Clutch   Necr/Erth      0%         N/A       100%        5
 Death Channel            Necr           0%         N/A       100%        6


Dungeon Overview and Level Annotations

Branches:
Dungeon (4/15)
 Temple: D:4-7

Altars:
Ashenzari
Trog
Vehumet

Shops:
D:1 (


Innate Abilities, Weirdness & Mutations

You have a pair of horns on your head.
You reflexively headbutt those who attack you in melee.
You are partially covered in iridescent scales. (AC +2)
You possess an exceptional clarity of mind.
You expend magic power (3 MP) to strengthen your wands.


Message History

The hobgoblin shouts!
As you read the scroll labelled DYUWIUMO ERUGI, it crumbles to dust.
The creatures around you are filled with an inner flame!
It was a scroll of immolation.
Xom is amused.
The goblin hits you with a +0 club.
Unknown command.
The goblin hits you with a +0 club.
Unknown command.
Unknown command.
You make a move on Xom's chessboard...
The goblin struggles to resist.
You block the goblin's attack.
Unknown command.
You make a move on Xom's chessboard...
The goblin seems to slow down.
The goblin hits you with a +0 club. You block the hobgoblin's attack.
Unknown command.
The goblin attacks as you move away! The goblin hits you with a +0 club.
You hit the hobgoblin.
Flame seeps out of the hobgoblin.
The hobgoblin is poisoned.
You headbutt the hobgoblin.
The hobgoblin explodes!
The fiery explosion engulfs you!!!
Ouch! That really hurt!
* * * LOW HITPOINT WARNING * * *
The fiery explosion engulfs the goblin!!!
The fiery explosion engulfs the goblin! x2
The goblin explodes!
The fiery explosion engulfs the goblin!!!
You feel a bit more experienced.
You hear an explosion!
You feel a bit more experienced.
You hear an explosion!
You feel a bit more experienced. x4
You hear an explosion! x2
You feel a bit more experienced.
You hear an explosion! x3
The goblin explodes! x3
The fiery explosion engulfs you!!!
Ouch! That really hurt!
You die...
Xom guffaws!

############
#...#.§.§§§#
+...'§§§§§§#
#...#§§§§§§#
#######§§##gg#
......§@.#§gg# #...
.........#g.g# #...+
.........#gg.# #[..+
.........#g.g# #.≈≈#
.........#...#
#.≈≈#########))#...#
#..≈≈≈..#...#..#
#..≈≈≈".'...†..#
#...≈≈..#...####


There were no monsters in sight!

Vanquished Creatures
  Grinder (D:3)
  A hound (D:4)
  Terence (D:3)
  Robin (D:4)
  3 adders
  4 dart slugs
  5 orcs (D:3)
  5 ball pythons (D:1)
  5 bats
  3 endoplasms
  4 giant cockroaches
  19 goblins
  10 hobgoblins
  9 jackals
  8 frilled lizards
  3 kobolds
  6 rats
88 creatures vanquished.

Notes
Turn   | Place    | Note
-------+----------+-------------------------------------------
     0 | D:1      | jfcaron the Minotaur Chaos Knight began the quest for the
                  | Orb.
     0 | D:1      | Reached XP level 1. HP: 19/19 MP: 0/0
   101 | D:1      | Reached XP level 2. HP: 24/27 MP: 1/1
   164 | D:1      | Reached skill level 4 in Polearms
   277 | D:1      | XOM: divination: magic mapping
   359 | D:1      | Reached XP level 3. HP: 33/33 MP: 2/2
   404 | D:1      | XOM: silly message
   431 | D:1      | XOM: summons 2 hostile demons
   432 | D:1      | XOM: give mutations
   432 | D:1      | Gained mutation: You are partially covered in iridescent
                  | scales. (AC +2) [Xom's grace]
   432 | D:1      | Gained mutation: You possess an exceptional clarity of
                  | mind. [Xom's grace]
   432 | D:1      | Gained mutation: You expend magic power (3 MP) to
                  | strengthen your wands. [Xom's grace]
   460 | D:1      | XOM: smoke on damage
   595 | D:1      | XOM: cloud trail
   624 | D:1      | Found Wymn's Antique Weapon Shop.
   779 | D:1      | XOM: god gift: +1 pair of boots of rampaging
   888 | D:1      | XOM: god gift: 48 gold pieces
  1019 | D:2      | XOM: cloud trail
  1060 | D:2      | XOM: 1-stop teleportation journey
  1153 | D:2      | XOM: 2-stop teleportation journey
  1320 | D:2      | Reached XP level 4. HP: 35/40 MP: 3/3
  1972 | D:2      | XOM: stat loss: -1 Int (8/9)
  2056 | D:3      | XOM: torment (21/40 hp)
  2078 | D:3      | Noticed Terence
  2085 | D:3      | Killed Terence
  2086 | D:3      | Reached skill level 5 in Polearms
  2186 | D:3      | Found a bloodstained altar of Trog.
  2333 | D:3      | Noticed Grinder
  2333 | D:3      | Paralysed by Grinder for 5 turns
  2345 | D:3      | Paralysed by Grinder for 2 turns
  2348 | D:3      | Killed Grinder
  2349 | D:3      | Reached skill level 6 in Polearms
  2349 | D:3      | Reached skill level 1 in Evocations
  2349 | D:3      | Reached XP level 5. HP: 17/47 MP: 4/4
  2349 | D:3      | Reached XP level 6. HP: 20/55 MP: 5/5
  2460 | D:3      | Found a radiant altar of Vehumet.
  2537 | D:3      | Found a broken altar of Ashenzari.
  2720 | D:3      | XOM: summons 4 hostile shadow creatures
  2729 | D:3      | XOM: silly message
  2970 | D:4      | Reached skill level 5 in Fighting
  3029 | D:4      | Noticed Robin
  3040 | D:4      | Killed Robin
  3040 | D:4      | Killed by an exploding goblin... ignited by their inner
                  | flame

Illustrated notes

Levels and vault maps discovered:
D:1:      heliophobic_arrival_ceremonial_halls, layout_loops_ring, serial_shops,
          nicolae_shop_behind_doors, minmay_misc_feat_diagonals, minmay_unequal
D:2:      layout_basic
D:3:      layout_rooms, mainiacjoe_overflow_24_doors,
          nicolae_ashenzari_panopticon, nicolae_overflow_crystal_walls,
          minmay_ruptured, uniq_grinder, uniq_terence
D:4:      kennysheep_goblin_castle, layout_loops_ring, kennysheep_slug_shrine,
          kennysheep_mini, minmay_temple_entry_proselytizer,
          kennysheep_generic_room_8, uniq_crazy_yiuf_cottage

Skill      XL: |  1  2  3  4  5  6 |
---------------+-------------------+-----
Polearms       | 4 6 |  6.2
Fighting       | 4 5 |  5.0
Armour         | 3 4 |  4.1
Dodging        | 2 |  2.0
Evocations     | 1 |  1.7
Shields        | |  0.8

Action                   |  1- 3 |  4- 6 || total
-------------------------+-------+-------++-------
Melee: Spear             |   156 |    83 ||   239
       Headbutt          |    15 |     8 ||    23
       Punch             |     1 |     1 ||     2
Evoke: Piece from Xom's  |     1 |     9 ||    10
       Wand              |       |     1 ||     1
  Use: Scroll            |       |    10 ||    10
 Stab: Paralysed         |       |     3 ||     3
Armor: Leather armour    |     6 |       ||     6
       Chain mail        |    61 |    71 ||   132
Dodge: Dodged            |    33 |    28 ||    61
Block: Tower shield      |       |    36 ||    36

Table legend: (Time is in decaauts)
 A = Elapsed time spent in this place.
 B = Non-inter-level travel time spent in this place.
 C = Inter-level travel time spent in this place.
 D = Time resting spent in this place.
 E = Time spent auto-exploring this place.
 F = Levels seen in this place.
 G = Mean time per level.
                   A        B        C        D        E       F      G
               +--------+--------+--------+--------+--------+-----+--------+
         Total |   3025 |   2863 |    162 |     40 |   2295 |   4 |  756.2 |
       Dungeon |   3025 |   2863 |    162 |     40 |   2295 |   4 |  756.2 |
               +--------+--------+--------+--------+--------+-----+--------+

Top non-repeatable levels by time:
     D:2: 1157 daAuts
     D:1: 908 daAuts
     D:3: 867 daAuts
     D:4: 92 daAuts
